cohdb
Replays
Latest Replays
All Replays
Popular Replays
Top Player Replays
Match Explorer
How It Works
Community
CoH3 Stats
Reddit
Sign in to upload your games and track your stats! →
Sign in with Steam
Match 46735111
Unlisted
Match 46735111
Overview
Messages
Build Orders
End
Panzergrenadier Squad
Panzergrenadier Squad
Panzergrenadier Squad
Construct Light Support Kompanie
Fire Support Elements
MG34 Team
Flakvierling Half-track
Pak 38 Mechanized Group
2.5-tonne Medical Truck
2.5-tonne Medical Truck
Selects Armored Support Battlegroup
Selects Vehicle Awareness
Selects Panzer Storm
le.IG 18 Support Gun Team
Construct Panzerarmee Kommand
Pak 38 Mechanized Group
Selects Stuka Dive Bomb
Kradschützen Motorcycle Team
Stuka Dive Bomb
Walking Stuka Rocket Launcher
Stuka Dive Bomb
Selects Veteran Gunners
Pak 38 Mechanized Group
Panzer Storm
Totenkopf 💀 Abteilung
_StArK_
ggbilli
Beluga
Bubbciss
J_Gin
0
0
Comments
sign in to comment!
No comments posted yet!